mf2hd, chaotic female elven Wizard -------------- |............| ---------------- ---------- ------- |............| |..............| #+........| #-.?*..| |.........>..-#######...............-#######|........| #|..%.[| |............| #--------------.- #f.........| #|...?)| |............| d#######@#|........| #|.!..)| --- ---------- # ####.........| #|[..!!| ### -----|---- #------- # ####### ### ---|- # # |.^.- ### # ..{.| ########### # # |..<| ----.---|--# ----- |.........|# |..........# |.........| ----------- mf2hd the Conjurer Experience level: 5 Strength: 8 Dexterity: 15 Constitution: 16 Intelligence: 17 Wisdom: 11 Charisma: 11 Health: 0(32) Energy: 18(36) Def: 3 Gold: 676 Moves: 3219 Dungeon seed: Rf90FBccS3Yelu1L Game ID: mf2hd_1558897830 Your Inventory: Coins $ - 676 gold pieces Weapons a - a blessed +1 quarterstaff (weapon in hands) v - a +0 elven dagger Armor e - an uncursed +1 cloak of magic resistance (being worn) q - an uncursed +0 pair of leather gloves (being worn) N - a blessed +0 dwarvish cloak Comestibles s - an uncursed slime mold B - an uncursed fortune cookie L - an uncursed tin of sewer rat meat O - an uncursed lembas wafer R - an uncursed carrot Scrolls i - an uncursed scroll of destroy armor k - a blessed scroll of teleportation u - an uncursed scroll of identify K - an uncursed scroll of teleportation Spellbooks l - a blessed spellbook of force bolt m - an uncursed spellbook of sleep Potions f - an uncursed potion of confusion g - an uncursed potion of paralysis h - an uncursed potion of sickness p - an uncursed potion of fruit juice t - an uncursed potion of see invisible D - an uncursed potion of booze E - an uncursed potion of water Rings c - an uncursed +1 ring of increase damage (on left hand) d - an uncursed ring of fire resistance (on right hand) Wands b - a wand of undead turning (0:7) Tools n - an uncursed bell I - an uncursed tin whistle P - an uncursed mirror Q - an uncursed mirror Spells and supernatural/magical abilities: Name Level Category Fail Memory a - force bolt 1 attack 0% 94% z - sleep 1 enchantment 0% 94% W - pray for help -- divine ? -- Your skills at the end: Fighting Skills Weapon Skills quarterstaff [Basic] Spellcasting Skills attack spells [Basic] enchantment spells [Basic] Final Attributes: You were stridently aligned. You were fire resistant. You were sleep resistant. You were poison resistant. You were magic-protected. You had infravision. You had a +1 damage bonus. You are dead. Vanquished creatures: a gnomish wizard a guardian naga hatchling 4 elf zombies a floating eye a homunculus a kobold lord a rabid rat 2 giant bats 3 iguanas 2 acid blobs 4 gas spores 3 hobbits a hobgoblin 4 giant rats 3 cave spiders a yellow mold a green mold a gecko 3 jackals a fox 2 kobolds 2 goblins 6 grid bugs a bat 4 lichens 2 kobold zombies 6 newts 62 creatures vanquished. Voluntary challenges: You were an atheist. You used a wielded weapon 45 times, starting on turn 29. You read items or engraved 5 times, starting on turn 1951. You never genocided any monsters. You never polymorphed an object. You never changed form. You used no wishes. You never split a pudding. You never wrote Elbereth's name. You violated your moral code, losing 26 points of alignment, starting on turn 3210. Dungeon overview: The Dungeons of Doom: levels 1 to 6 Level 1 a fountain a long staircase Level 2 a scroll shop Level 3 <- You were here a general store, a fountain Level 4 a fountain stairs to The Gnomish Mines Level 5 many fountains Level 6 some fountains stairs to Sokoban The Gnomish Mines: Level 5 stairs to The Dungeons of Doom Sokoban: Level 5 stairs to The Dungeons of Doom History has recorded: On T:1 you entered the Dungeons of Doom to retrieve the Amulet of Yendor! On T:377 you advanced to experience level 2. On T:478 you reached level 2 of The Dungeons of Doom. On T:759 you reached level 3 of The Dungeons of Doom. On T:811 you advanced to experience level 3. On T:1145 you reached level 4 of The Dungeons of Doom. On T:1551 you reached level 1 of The Gnomish Mines. On T:1596 you advanced to experience level 4. On T:1666 you reached level 5 of The Dungeons of Doom. On T:2121 you reached level 6 of The Dungeons of Doom. On T:2256 you advanced to experience level 5. On T:2573 you reached level 4 of Sokoban. Score breakdown: Gold: 676 ( 9628 points) Experience: 5 levels (11141 points) Exploration: 6 levels ( 11.54%) ( 9393 points) Discoveries: 12 items ( 4.33%) ( 6244 points) Valuables value: (no points given unless you survive) Artifact value: 0 ( 0 points) Variety of kills: 27 monsters ( 7.09%) ( 7986 points) Turncount: 3219 turns ( -704 points) Survival: died (score multiplied by 80%) Total score: 34950 Latest messages: You kill the kobold! You hit the gas spore. You kill the gas spore! You are caught in the gas spore's explosion! The rabid rat bites! The spell hits the homunculus! You kill the homunculus! The rabid rat bites! The spell hits the rabid rat! You kill the rabid rat! The spell misses the kobold lord. The spell hits the kobold lord! You kill the kobold lord! The kitten picks up a rabid rat corpse. You kill the gas spore! You are caught in the gas spore's explosion! Final status: Goodbye mf2hd the Wizard, killed by a gas spore's explosion... You died in The Dungeons of Doom on dungeon level 3 with 34950 points, and 676 pieces of gold, after 3219 moves. You were level 5 with a maximum of 32 hit points when you died.